 Dungeon Crawl Stone Soup version 0.28-a0-258-g8de209e91f (webtiles) character file.

Game seed: 5757628371303590657

575950 spiderkeys the Acrobat (level 25, -2/151 (158) HPs)
             Began as a Deep Elf Fire Elementalist on Aug 25, 2021.
             Was the Champion of Vehumet.
             Slain by a polar bear skeleton (12 damage)
             ... on level 2 of the Crypt on Aug 27, 2021.
             The game lasted 04:21:10 (79949 turns).

spiderkeys the Acrobat (DEFE)                      Turns: 79949, Time: 04:21:11

HP:   -2/151 (158)  AC: 13    Str:  6    XL:     25   Next: 78%
MP:   58/58         EV: 25    Int: 32    God:    Vehumet [******]
Gold: 2465          SH:  0    Dex: 15    Spells: 1/65 levels left

rFire   + + .      SeeInvis +   y - +5 dagger "Jelo" {speed, rPois Will+ SInv}
rCold   + + .      Faith    .   (no shield)
rNeg    . . .      Spirit   .   S - +2 robe {rC+ rF+}
rPois   +          Reflect  .   i - +2 helmet
rElec   .          Harm     .   T - scarf {rC+ rF+}
rCorr   .          Rampage  .   J - +2 pair of gloves
Will    +++..                   c - +2 pair of boots {Fly}
Stlth   +++++.....              N - amulet of magic regeneration
HPRegen 0.35/turn               w - ring of magical power
MPRegen 0.61/turn               Z - ring of wizardry

@: flying, hasted, lightly drained, very quick
A: no striking features
}: 3/15 runes: decaying, silver, gossamer
a: Renounce Religion


You were on level 2 of the Crypt.
You worshipped Vehumet.
Vehumet was exalted by your worship.
You visited 11 branches of the dungeon, and saw 48 of its levels.
You visited 1 bazaar.
You also visited: Trove, Bailey, Ice Cave and Volcano.

You collected 9169 gold pieces.
You spent 6704 gold pieces at shops.


   Skills:
 * Level 16.3 Fighting
 * Level 22.8 Dodging
 + Level 11.0 Stealth
 - Level 4.0 Shields
 * Level 20.8 Spellcasting
 - Level 20.0 Conjurations
 - Level 5.6 Hexes
 - Level 21.3 Fire Magic
 * Level 17.9 Earth Magic
 - Level 4.2 Poison Magic


You had one spell level left.
You knew the following spells:

 Your Spells              Type           Power      Damage    Failure   Level
d - Tukima's Dance        Hex            62%        N/A       1%          3
f - Fireball              Conj/Fire      52%        3d20      0%          5
l - Lee's Rapid Deconstr  Erth           49%        3d24*     0%          5
m - Fire Storm            Conj/Fire      52%        8d13      2%          9
n - Ignition              Fire           53%        3d15      1%          8
o - Olgreb's Toxic Radia  Pois           57%        N/A       1%          4
p - Spellforged Servitor  Conj/Summ      38%        N/A       1%          7
s - Lehudib's Crystal Sp  Conj/Erth      50%        10d12     1%          8
w - Iron Shot             Conj/Erth      50%        9d10      1%          6
x - Iskenderun's Mystic   Conj/Tloc      77%        2d15      1%          4
B - Blink                 Tloc           N/A        N/A       1%          2
X - Ignite Poison         Fire/Tmut/Pois 73%        N/A       1%          3

Your spell library contained the following spells:

 Spells                   Type           Power      Damage    Failure   Level
 Shatter                  Erth           49%        3d38*     8%          9
 Chain Lightning          Conj/Air       38%        3d51      78%         9
 Foxfire                  Conj/Fire      100%       2x1d9     0%          1
 Magic Dart               Conj           100%       1d8       0%          1
 Sandblast                Erth           100%       2d20      0%          1
 Shock                    Conj/Air       100%       1d9       0%          1
 Apportation              Tloc           66%        N/A       1%          1
 Corona                   Hex            68%        N/A       1%          1
 Freeze                   Ice            100%       1d11      1%          1
 Summon Small Mammal      Summ           100%       N/A       1%          1
 Searing Ray              Conj           100%       3d7       0%          2
 Conjure Flame            Conj/Fire      100%       6-21      0%          3
 Dazzling Flash           Conj/Hex       100%       N/A       0%          3
 Inner Flame              Hex/Fire       88%        N/A       0%          3
 Stone Arrow              Conj/Erth      100%       3d13      0%          3
 Sticky Flame             Conj/Fire      100%       2d11      0%          4
 Bolt of Magma            Conj/Fire/Erth 51%        4d21      0%          5
 Call Imp                 Summ           33%        N/A       1%          2
 Corpse Rot               Necr/Air       N/A        N/A       1%          2
 Ensorcelled Hibernation  Hex/Ice        100%       N/A       1%          2
 Passwall                 Tmut/Erth      61%        N/A       1%          2
 Poisonous Vapours        Pois/Air       92%        N/A       1%          2
 Slow                     Hex            62%        N/A       1%          2
 Static Discharge         Conj/Air       77%        N/A       1%          2
 Sublimation of Blood     Necr           16%        N/A       1%          2
 Wereblood                Tmut           33%        N/A       1%          2
 Call Canine Familiar     Summ           33%        N/A       1%          3
 Confusing Touch          Hex            62%        N/A       1%          3
 Lesser Beckoning         Tloc           16%        N/A       1%          3
 Ozocubu's Armour         Ice            33%        N/A       1%          3
 Portal Projectile        Hex/Tloc       100%       N/A       1%          3
 Summon Guardian Golem    Hex/Summ       50%        N/A       1%          3
 Swiftness                Air            33%        N/A       1%          3
 Vampiric Draining        Necr           16%        2d8       1%          3
 Airstrike                Air            16%        N/A       1%          4
 Cause Fear               Hex            31%        N/A       1%          4
 Fulminant Prism          Conj/Hex       43%        3d20      1%          4
 Leda's Liquefaction      Hex/Erth       41%        N/A       1%          4
 Borgnjor's Vile Clutch   Necr/Erth      37%        N/A       1%          5
 Freezing Cloud           Conj/Ice/Air   33%        6-21      1%          5
 Irradiate                Conj/Tmut      38%        3d26      1%          5
 Yara's Violent Unravell  Hex/Tmut       25%        3d11      1%          5
 Conjure Ball Lightning   Conj/Air       38%        3x3d12    1%          6
 Starburst                Conj/Fire      52%        6d14      1%          6
 Orb of Destruction       Conj           51%        9d16      1%          7
 Metabolic Englaciation   Hex/Ice        25%        N/A       3%          5
 Silence                  Hex/Air        25%        N/A       3%          5
 Animate Dead             Necr           16%        N/A       4%          4
 Dispel Undead            Necr           33%        3d14      4%          4
 Passage of Golubria      Tloc           N/A        N/A       4%          4
 Summon Ice Beast         Ice/Summ       33%        N/A       4%          4
 Invisibility             Hex            31%        N/A       6%          6
 Eringya's Noxious Bog    Tmut/Pois      23%        N/A       8%          6
 Manifold Assault         Tloc           33%        N/A       12%         5
 Summon Forest            Summ/Tloc      16%        N/A       12%         5
 Death Channel            Necr           16%        N/A       50%         6
 Simulacrum               Ice/Necr       16%        N/A       50%         6
 Ozocubu's Refrigeration  Ice            16%        4d8       58%         7
 Discord                  Hex            31%        N/A       92%         8
 Dragon Form              Tmut           16%        N/A       96%         7
 Storm Form               Tmut/Air       16%        N/A       96%         7
 Summon Hydra             Summ           16%        N/A       96%         7
 Disjunction              Tloc           16%        N/A       100%        8
 Dragon's Call            Summ           16%        N/A       100%        9
 Polar Vortex             Ice            16%        N/A       100%        9

Inventory:

Hand Weapons
 a - the +7 quick blade "Qulaapp Yhal" {vorpal, rElec, rare}
   (You found it on level 5 of the Vaults)

   It inflicts extra damage upon your enemies.
   rElec:     It insulates you from electricity.
 b - the +6 Majin-Bo {vamp, MP+6 Int+6}
   (You took it off a deep elf zephyrmancer on level 3 of the Elven Halls)

   It occasionally heals its wielder for a portion of the damage dealt when they
   wound a living foe with it or with a spell.
   Its wielder's spells cost health as well as magical power.
   Int:       It affects your intelligence (+6).
   MP:        It affects your magic capacity (+6).
 y - the +5 dagger "Jelo" (weapon) {speed, rPois Will+ SInv}
   (You bought it in a shop on level 4 of the Dungeon)

   Attacks with this weapon are significantly faster.
   rPois:     It protects you from poison.
   SInv:      It lets you see invisible.
   Will:      It increases your willpower.
Armour
 c - a +2 pair of boots of flying (worn)
   (You found it on level 3 of the Elven Halls)
 i - a +2 helmet (worn)
   (You found it on level 3 of the Dungeon)
 u - a +2 robe of willpower
   (You took it off a wight on level 6 of the Dungeon)
 J - a +2 pair of gloves (worn)
   (You bought it in a shop on level 11 of the Dungeon)
 S - a +2 robe of resistance (worn)
   (You found it on level 12 of the Dungeon)
 T - a scarf of resistance (worn)
   (You found it on level 1 of the Lair of Beasts)
 W - a +3 buckler of protection
   (You took it off a tengu reaver on level 4 of the Vaults)
Magical Staves
 s - a staff of fire {!a}
   (You acquired it on level 8 of the Dungeon)
Jewellery
 w - a ring of magical power (left hand)
   (You found it on level 1 of the Spider Nest)
 N - an amulet of magic regeneration (around neck)
   (You found it on level 1 of the Dungeon)
 O - an amulet of reflection
   (You found it on level 1 of the Spider Nest)
 Z - a ring of wizardry (right hand)
   (You found it on level 5 of the Dungeon)
Wands
 j - a wand of acid (25)
   (You took it off Ijyb on level 3 of the Dungeon)
 k - a wand of iceblast (80)
   (You found it on level 2 of the Dungeon)
 o - a wand of digging (13)
   (You took it off a deep elf zephyrmancer on level 2 of the Elven Halls)
Scrolls
 d - 2 scrolls of enchant armour
 e - a scroll of summoning
 l - 4 scrolls of magic mapping {!r}
 n - 2 scrolls of blinking {!r}
 r - 11 scrolls of immolation {!r!r}
 t - 5 scrolls of silence {!r}
 v - 24 scrolls of teleportation {@r4}
 x - 3 scrolls of vulnerability {!r!r}
 E - a scroll of holy word
 F - 7 scrolls of amnesia
 K - 9 scrolls of fog
 R - 7 scrolls of fear
Potions
 g - 6 potions of mutation {!q}
 h - 9 potions of brilliance
 p - 7 potions of ambrosia
 z - 4 potions of attraction {!q}
 A - 5 potions of magic
 B - 18 potions of curing {@q1}
 C - 7 potions of lignification {!q}
 D - 4 potions of cancellation
 G - 2 potions of resistance
 H - 4 potions of berserk rage {!q}
 Q - 12 potions of might
 U - 5 potions of haste {@q3}
 Y - 3 potions of invisibility
Miscellaneous
 f - a phantom mirror (inert)
   (You found it in a bailey)
 P - a phial of floods
   (You found it on level 11 of the Dungeon)
 V - a condenser vane
   (You found it on level 3 of the Lair of Beasts)
 X - a tin of tremorstones (2/2)
   (You found it on level 1 of the Swamp)

Dungeon Overview and Level Annotations

Branches:
Dungeon (15/15)            Temple (1/1) D:5            Lair (6/6) D:10
  Swamp (4/4) Lair:2       Spider (4/4) Lair:2        Slime (1/5) Lair:6
    Orc (2/2) D:11            Elf (3/3) Orc:2        Vaults (5/5) D:13
  Crypt (2/3) Vaults:3     Depths (5/5) D:15            Zot (0/5) Depths:5
 Bailey (visited)           IceCv (visited)         Volcano (visited)

Altars:
Elyvilon
Gozag
Hepliaklqana
Kikubaaqudgha
Makhleb
Okawaru
Ru
Sif Muna
Trog
Uskayaw
Vehumet
Wu Jian
Xom
Yredelemnul
Beogh
Jiyva

Shops:
D:3 !?   D:4 (   D:6 [   D:11 [*[*(   D:14 !   Orc:2 (*:[:   Elf:2 =!
Elf:3 *!   Vaults:3 (??   Vaults:5 !(   Depths:1 !((=   Depths:2 (   Depths:4 ?

Portals:
Hell: Depths:1 Depths:2 Depths:3 Depths:4 Depths:5
Abyss: Depths:2 Depths:3 Depths:4 Depths:5
Pandemonium: Depths:3
Ziggurat: Depths:3

Annotations:
Crypt:2 Mennas

*,,,,,,,#'''###'''##,,,,,,,,*
*,8,,,8,#..V###...##,,,,,,,,*
*,,,,,,,#.........!',,,,,,,,*
*,,,8,,,#.VA.W.....'.?,,,,,,*
***,,,,,,,##.........'.....,,,+
***,,,,***...##A.##...##..z..,,,+
*,,,,,**,*#...#.W##...#*.....,,,+
+,8,,***,,*...##(##...#*.....,,**
*,,*** *,,*#...#@##...##...v,,**
**+* *,,,*...#Z.#.Z.#[...,,**
,,,* *,,,*#.[##.#...'#***,,,*
**** *,,,+#...#<'...'# *8,8*
*,,,+#.<.#.'...'# *≈,≈*
*,,,+#.(.#.'.).## *≈,≈*
****+++*#####Z#...# *≈,≈*
**,,,,,,,,,,...#...#****≈,≈***
*,,,,,,,,,,....#...#*≈≈≈≈,≈≈≈≈


You could see Mennas (silencing, ally target), an eidolon, 2 vampire magi, a
wraith, a pale draconian zombie (wandering), a polar bear skeleton and the
friendly Mennas (summoned, silencing, drained).


Message History

Mennas hits you with a +0 sacred scourge of holy wrath!
* * * LOW HITPOINT WARNING * * *
Mennas completely misses you. x2
Mennas hits you with a +0 sacred scourge of holy wrath.
* * * LOW HITPOINT WARNING * * *
😱 HP[-14]
You take 14 damage, and now have 34/158 hp. 😱 MP[+1]
Your mp is fully restored (58).
Mennas looks to the heavens.
A vampire mage comes into view.
Mennas becomes audible again.
A vampire mage comes into view.
A pale draconian zombie comes into view. 😱 HP[+1] Mennas gestures frantically.
Mennas's surroundings become eerily quiet.
You feel much better. 😨 HP[+16]
You regained 16 hp, and now have 51/158 hp.
There is an open gate here. 😨 HP[+1] Mennas hits you with a +0 sacred scourge of holy wrath.
* * * LOW HITPOINT WARNING * * *
Mennas hits you with a +0 sacred scourge of holy wrath!!
* * * LOW HITPOINT WARNING * * *
😱 HP[-25]
You take 25 damage, and now have 27/158 hp.
Unknown command.
You feel much better.
Mennas hits you with a +0 sacred scourge of holy wrath.
* * * LOW HITPOINT WARNING * * *
Mennas hits you with a +0 sacred scourge of holy wrath.
* * * LOW HITPOINT WARNING * * *
😨 HP[+15]
You regained 15 hp, and now have 42/158 hp.
You feel much better.
An eidolon opens the gate.
Mennas hits you but does no damage. x2 😨 HP[+29]
You regained 29 hp, and now have 71/158 hp.
You feel much better. 😮 HP[+19]
You regained 19 hp, and now have 90/158 hp.
Aiming: Phantom Mirror
Press: ? - help, Dir - move target, f - Mennas
Aim: Mennas, wielding a +0 sacred scourge of holy wrath and wearing a +0 tower shield (silenced, moderately wounded, radiating silence, haloed)
You reflect Mennas with the mirror!
The mirror clouds!
Mennas hits you with a +0 sacred scourge of holy wrath!
* * * LOW HITPOINT WARNING * * *
Mennas hits you with a +0 sacred scourge of holy wrath!!
* * * LOW HITPOINT WARNING * * *
Mennas blocks Mennas's attack.
Mennas closely misses Mennas.
Mennas hits you with a +0 sacred scourge of holy wrath!!
* * * LOW HITPOINT WARNING * * *
Mennas completely misses you. 😱 HP[-58]
You take 58 damage, and now have 32/158 hp.
MASSIVE DAMAGE!! (PAUSE) Mennas completely misses Mennas.
Mennas blocks Mennas's attack.
You feel much better.
Something completely misses Mennas. 😨 HP[+23]
You regained 23 hp, and now have 55/158 hp.
You feel much better.
Mennas hits you with a +0 sacred scourge of holy wrath!
* * * LOW HITPOINT WARNING * * *
Mennas hits you with a +0 sacred scourge of holy wrath!
* * * LOW HITPOINT WARNING * * *
Mennas hits Mennas with a +0 sacred scourge of holy wrath!
Mennas blocks Mennas's attack.
Mennas barely misses Mennas.
Mennas blocks Mennas's attack. x2; Mennas completely misses Mennas.
The eidolon gestures.
The eidolon radiates an aura of fear!
You resist with almost no effort. 😨 HP[-10]
You take 10 damage, and now have 45/158 hp.
Something completely misses Mennas.
You reach down and open the gate.
Mennas closely misses you.
Mennas hits you with a +0 sacred scourge of holy wrath!
* * * LOW HITPOINT WARNING * * *
😱 HP[-7]
You take 7 damage, and now have 38/158 hp.
Mennas hits Mennas but does no damage.
Mennas blocks Mennas's attack.
Mennas blocks something's attack.
Something misses Mennas.
There is an open gate here.
The eidolon gestures.
The eidolon radiates an aura of fear!
You resist with almost no effort. 😱 HP[+1] Mennas hits the vampire mage with a +0 sacred scourge of holy wrath!
The vampire mage convulses!
Mennas barely misses the vampire mage.
The eidolon stares piercingly at you.
The bolt of negative energy hits the wraith.
The wraith completely resists.
The bolt of negative energy hits you!!
You feel drained.
* * * LOW HITPOINT WARNING * * *
😱 HP[-29]
You now have 151 max hp (-7).
You take 29 damage, and now have 10/151 hp.
You see here 15 stones.
Okay, then.
The polar bear skeleton bites you!
You die...

Skill      XL: |  1  2  3  4  5  6  7  8  9 10 11 12 13 14 15 16 17 18 19 20 21 22 23 24 25 |
---------------+----------------------------------------------------------------------------+-----
Stealth        | 3 4 5 8 10 11 | 11.0
Dodging        | 3 4 5 6 8 9 11 12 13 14 15 16 17 18 19 20 21 22 | 22.8
Conjurations   | 2 3 4 6 7 8 10 11 12 13 15 16 18 19 20 | 20.0
Spellcasting   | 4 5 6 7 9 10 11 12 13 14 15 17 18 19 20 | 20.8
Fire Magic     | 4 5 6 8 11 14 15 16 17 19 20 21 | 21.3
Shields        | 2 3 4 |  4.0
Fighting       | 1 3 5 6 7 8 9 10 11 12 13 14 15 16 | 16.3
Earth Magic    | 1 5 8 11 12 13 14 15 16 17 | 17.9
Hexes          | 2 4 5 |  5.6
Poison Magic   | 3 4 |  4.2

Action                   |  1- 3 |  4- 6 |  7- 9 | 10-12 | 13-15 | 16-18 | 19-21 | 22-24 | 25-27 || total
-------------------------+-------+-------+-------+-------+-------+-------+-------+-------+-------++-------
Melee: Dagger            |     7 |       |    50 |       |       |     2 |       |       |       ||    59
       Staff             |       |       |       |     1 |    19 |       |     2 |     1 |       ||    23
 Cast: Foxfire           |    59 |   106 |   339 |   165 |       |       |       |       |       ||   669
       Fireball          |       |       |     2 |    66 |    94 |    59 |    10 |    44 |    11 ||   286
       Stone Arrow       |       |       |       |   185 |   377 |   130 |       |       |       ||   692
       Fulminant Prism   |       |       |       |     3 |       |     1 |       |       |       ||     4
       Tukima's Dance    |       |       |       |     5 |       |    35 |     7 |     1 |       ||    48
       Searing Ray       |       |       |       |       |     1 |       |       |       |       ||     1
       Lehudib's Crystal |       |       |       |       |     6 |    14 |    42 |    29 |    10 ||   101
       Iron Shot         |       |       |       |       |       |   360 |   278 |   407 |   119 ||  1164
       Lee's Rapid Decon |       |       |       |       |       |   144 |    93 |    94 |    55 ||   386
       Ignition          |       |       |       |       |       |    40 |   123 |    87 |    15 ||   265
       Olgreb's Toxic Ra |       |       |       |       |       |     1 |     1 |       |       ||     2
       Ignite Poison     |       |       |       |       |       |       |     1 |       |       ||     1
       Fire Storm        |       |       |       |       |       |       |     1 |     3 |     7 ||    11
       Iskenderun's Myst |       |       |       |       |       |       |       |     4 |     1 ||     5
       Blink             |       |       |       |       |       |       |       |     2 |       ||     2
       Spellforged Servi |       |       |       |       |       |       |       |       |     1 ||     1
Evoke: Wand              |       |       |     3 |     3 |       |     5 |     7 |     2 |     2 ||    22
       Phantom mirror    |       |       |       |     1 |       |       |     1 |     1 |     1 ||     4
  Use: Scroll            |     3 |     9 |     5 |    17 |     3 |    11 |     8 |     9 |     3 ||    68
       Potion            |     1 |     3 |     2 |     2 |     2 |    14 |    11 |     9 |     9 ||    53
 Stab: Sleeping          |     1 |       |       |       |       |       |       |       |       ||     1
Armor: Skin              |     5 |       |       |       |       |       |       |       |       ||     5
       Robe              |     2 |     5 |    55 |    32 |    33 |    42 |    36 |    38 |    15 ||   258
Dodge: Dodged            |    20 |    15 |   142 |    89 |   151 |   185 |   133 |   183 |    61 ||   979
Block: Buckler           |       |       |    55 |    41 |    58 |    73 |    59 |    23 |       ||   309
       Reflection        |       |       |       |       |       |       |       |     3 |       ||     3

Levels and vault maps discovered:
D:1:      heliophobic_arrival_dark_side_of_the_moon, layout_basic,
          hellmonk_ecumenical_altar_run_dry, minmay_small_reverse_x
D:2:      layout_loops_ring, st_stairs_8, minmay_pentomino_x4
D:3:      layout_basic, serial_shops, shop, nicolae_shop_trees,
          hangedman_decor_clover_reticule, minmay_fountain_box, uniq_ijyb,
          uniq_jessica, uniq_sigmund
D:4:      wad_woods_tower, layout_loops_corners,
          mainiacjoe_overflow_tiny_flanked, serial_shops, shop
D:5:      layout_rooms, minmay_temple_entry_gardened_gates, goddamned_bats
D:6:      layout_cave_pools, serial_shops, nicolae_square_shop,
          guppyfry_early_elven_hall, uniq_prince_ribbit1
D:7:      cheibrodos_shockbox, layout_loops_corners, gammafunk_ghost_icy,
          enter_bailey_4
D:8:      layout_cave_pools
D:9:      layout_roguey, uniq_psyche
D:10:     layout_loops_cross, david_lair_shrubbed, serial_aquarium,
          aquarium_bridge_straight [aquarium_subvault_bridge,
          aquarium_subvault_wall, aquarium_subvault_bridge,
          aquarium_subvault_wall], aquarium_window_fake, aquarium_window_3,
          aquarium_view_2b, aquarium_balcony_1b, aquarium_pool_2
D:11:     layout_basic, orc_0_dummy, serial_shops, nicolae_stop_n_shop_1, shop,
          kennysheep_mini_moat, shop_fountains, nicolae_shop_trees
D:12:     layout_gridville, biasface_ghost_orc_armoury
D:13:     layout_stronghold, lightli_vaults_fourway_checkpoint, st_stairs_1,
          minmay_misc_feat_hallway, minmay_statue_bubble
D:14:     gargoyle_guard, layout_cross, serial_shops, shop, minmay_holes
D:15:     gammafunk_depths_entry_grave, layout_basic,
          nicolae_trove_entry_crossroad, chequers_serial_rivers_small_b
Temple:   regret_index_temple_sigil_plot
Lair:1:   layout_layer_cave, grunt_megastairs_2, infiniplex_staircase_pool_2,
          uniq_fannar, uniq_erica
Lair:2:   layout_small_grid, minmay_swamp_entry_worms, spider_nest_entry_a,
          gammafunk_ghost_arena
Lair:3:   layout_long_grid, nicolae_volcano_entry_s_turn,
          nicolae_quartered_pool_medium, patterned_corridor
Lair:4:   layout_layer_cave, portal_ice_cave_entry_animals_and_master,
          grunt_megastairs_3
Lair:5:   layout_gridlike
Lair:6:   hangedman_lair_tendril_chambers, layout_hall_layers,
          guppyfry_lair_end_dragon, slime_altar_1, infiniplex_staircase_pool
Swamp:1:  layout_falls_marsh, evilmike_swamp_ruin_house_4
Swamp:2:  layout_basic_swamp, hangedman_swamp_lotus
Swamp:3:  layout_basic_swamp, serial_swamp_ruin, evilmike_swamp_ruin_house_3,
          hangedman_swamp_ruin_wall
Swamp:4:  swamp_vile, layout_basic_swamp
Spider:1: layout_spider_delve, nicolae_spider_circle_web, uniq_asterion
Spider:2: layout_spider_delve, drop_trap, nicolae_spider_nooks_and_crannies,
          uniq_arachne, uniq_aizul
Spider:3: layout_chambers, uniq_mara
Spider:4: spider_rune_water, uniq_donald
Slime:1:  nicolae_slime_jelly_donut, layout_caves
Orc:1:    layout_caves, basic_altar
Orc:2:    st_orc_elflike, layout_diamond_mine, serial_shops,
          nicolae_shop_temple_entry_statues_fountains
Elf:1:    nicolae_elf_arrival_aired_out, layout_onion_city, evilmike_minifort
Elf:2:    nicolae_elf_blades_crystal_corner, layout_geoelf_octagon,
          serial_shops, nicolae_shop_statue_plus,
          nicolae_shop_temple_entry_statues_fountains, minivault_16,
          minmay_misc_feat_diagonals, uniq_azrael
Elf:3:    minmay_elf_hall_not_hex, layout_gridlike, serial_shops, shop,
          nicolae_square_shop
Vaults:1: v_misc_29, v_rooms_6, v_misc_13, nicolae_vaults_ring_of_whatevers,
          v_alt_pattern_1, vaults_mumra_lcd, grunt_vaults_trifunnel,
          nicolae_vaults_inception_scallops, vaults_mumra_minichess_inversion,
          layout_vaults_maze_bifur
Vaults:2: ontoclasm_vaults_spin, st_cross, nicolae_vaults_what_the_h, v_misc_27,
          hangedman_vaults_corner_blocks,
          nicolae_vaults_windows_and_doors_thing, vaults_room_door_hall,
          hangedman_vaults_capsules, v_misc_23, ontoclasm_vaults_loading_screen,
          vaults_dpeg_encased_lava, layout_vaults_big_room, uniq_xtahua
Vaults:3: advil_vaults_ghost_guards, hangedman_vaults_nails,
          vaults_standard_mumra_lines, minmay_crypt_entry_simple_box,
          vaults_dpeg_hooks, vaults_room_corners,
          nicolae_vaults_little_squares_1, nicolae_vaults_statue_guard,
          v_pattern_2, hangedman_vaults_slither, v_misc_11,
          vaults_room_door_ring, nicolae_vaults_angled_halls,
          layout_vaults_ring, serial_shops, shop_fountains, shop, shop
Vaults:4: nicolae_vaults_specimen_jars, v_misc_30, v_rooms_4,
          nicolae_vaults_network_quincunx
          [nicolae_vaults_network_quincunx_subvault,
          nicolae_vaults_network_quincunx_subvault,
          nicolae_vaults_network_quincunx_subvault,
          nicolae_vaults_network_quincunx_subvault,
          nicolae_vaults_network_quincunx_subvault],
          nicolae_vaults_diagonal_hallway_9, v_misc_11,
          nicolae_vaults_little_squares_6, v_misc_23, hangedman_vaults_locks,
          vaults_room_door_hall, nicolae_vaults_little_ls,
          layout_vaults_omnigrid, uniq_margery, uniq_sojobo, uniq_bai_suzhen,
          uniq_jory
Vaults:5: serial_shops, uniq_frederick, uniq_boris
Crypt:1:  layout_misc_corridors, ebering_dispersal_statue_hall
Crypt:2:  layout_gridlike, mu_enter_wizlab_5, lemuel_upstairs_altar,
          grunt_megastairs_4, uniq_mennas, uniq_saint_roka
Depths:1: layout_gridlike, grunt_metal_band, nicolae_uskayaw_suspiria,
          gammafunk_ghost_grave, serial_shops, kennysheep_mini,
          nicolae_shop_statue_plus, nicolae_inconvenience_store,
          kennysheep_little_box, vehumet_altar_wand_db
Depths:2: minmay_the_grid_four_pointed_star_mashed
          [minmay_the_grid_triangle_9x9_odd_lines,
          minmay_the_grid_triangle_9x9_longest,
          minmay_the_grid_triangle_9x9_negative_grid,
          minmay_the_grid_triangle_9x9_corrupted_corridor,
          minmay_the_grid_prize_big_room], layout_honeycomb, serial_shops,
          nicolae_shop_trees, hell_entry, abyss_entry_small_statue_room,
          minmay_misc_feat_tiny, infiniplex_staircase_spiral_double
Depths:3: minmay_distorted_concentric_squares, layout_gridville,
          enter_ziggurat_c, pf_hell_entry_tar_spiral, serial_shops,
          freezing_bzr, xom_redecorated, rand_demon_pan_entry_7,
          hangedman_abyss_entry_splay
Depths:4: minmay_ambush_box, layout_basic, serial_shops, shop, hell_entry,
          elyvilon_altar_5, abyss_entry, infiniplex_staircase_zigzag_3
Depths:5: grunt_zot_entry_funnels, layout_cave_pools, grunt_hell_entry_dis_mu,
          bloody_trog, nicolae_abyss_entry_one_way_or_another

Notes
Turn   | Place    | Note
-------+----------+-------------------------------------------
     0 | D:1      | spiderkeys the Deep Elf Fire Elementalist began the quest
                  | for the Orb.
     0 | D:1      | Reached XP level 1. HP: 10/10 MP: 6/6
     0 | D:1      | magus.rc [v1.9.10]
   184 | D:1      | Reached XP level 2. HP: 15/15 MP: 5/8
   378 | D:1      | Found a faded altar of an unknown god.
  1254 | D:2      | Reached skill level 3 in Stealth
  1254 | D:2      | Reached XP level 3. HP: 19/19 MP: 8/10
  1292 | D:2      | Reached skill level 3 in Dodging
  1483 | D:2      | HP: 7/28 [poisoned by an adder]
  1870 | D:2      | Reached skill level 2 in Conjurations
  2008 | D:2      | HP: 4/19 [frozen (5)]
  2270 | D:2      | Reached XP level 4. HP: 24/24 MP: 11/11
  2646 | D:3      | Found Peotoedghi's Distillery.
  2674 | D:3      | Found Qiowos's Magic Scroll Shop.
  2721 | D:3      | Noticed Sigmund
  2723 | D:3      | Reached skill level 4 in Spellcasting
  2737 | D:3      | Reached skill level 4 in Fire Magic
  2763 | D:3      | Noticed Ijyb
  2808 | D:3      | Killed Sigmund
  2809 | D:3      | Reached skill level 4 in Dodging
  2809 | D:3      | Reached skill level 4 in Stealth
  2809 | D:3      | Reached skill level 3 in Conjurations
  2809 | D:3      | Reached XP level 5. HP: 28/28 MP: 7/13
  2809 | D:3      | Reached XP level 6. HP: 32/32 MP: 7/14
  3045 | D:3      | HP: 1/32 [acid (13)]
  3046 | D:3      | Killed Ijyb
  3451 | D:3      | Noticed Jessica
  3454 | D:3      | Killed Jessica
  3822 | D:4      | Reached skill level 5 in Spellcasting
  3957 | D:4      | Found Didghius's Antique Weapon Shop.
  4090 | D:4      | Reached XP level 7. HP: 36/36 MP: 17/17
  4170 | D:4      | You pick up a book of Callings and begin reading...
  4170 | D:4      | You add the spells Summon Small Mammal, Call Canine
                  | Familiar and Summon Guardian Golem to your library.
  4223 | D:4      | Reached skill level 5 in Stealth
  4231 | D:4      | Reached skill level 5 in Fire Magic
  4307 | D:4      | Reached skill level 1 in Shields
  4308 | D:4      | Reached skill level 5 in Dodging
  4596 | D:4      | You pick up a book of Touch and begin reading...
  4596 | D:4      | You add the spells Static Discharge and Dispel Undead to
                  | your library.
  4652 | D:4      | Found an opulent altar of Gozag.
  4876 | D:5      | Entered Level 5 of the Dungeon
  4914 | D:5      | Found a staircase to the Ecumenical Temple.
  4934 | Temple   | Entered the Ecumenical Temple
  4985 | Temple   | Became a worshipper of Vehumet
  5009 | D:5      | Reached skill level 6 in Spellcasting
  5155 | D:4      | Bought a bloodstained dagger for 175 gold pieces
  5155 | D:4      | Identified the +5 dagger "Jelo" {speed, rPois Will+ SInv}
                  | (You bought it in a shop on level 4 of the Dungeon)
  5293 | D:5      | Reached skill level 2 in Shields
  5321 | D:5      | Learned a level 3 spell: Conjure Flame
  5328 | D:5      | Reached XP level 8. HP: 41/41 MP: 19/19
  5392 | D:5      | Reached skill level 6 in Fire Magic
  5412 | D:5      | Reached * piety under Vehumet
  5412 | D:5      | Offered knowledge of Shock by Vehumet.
  5413 | D:5      | Reached skill level 6 in Dodging
  5443 | D:5      | Reached skill level 7 in Spellcasting
  5862 | D:5      | Learned a level 5 spell: Fireball
  5983 | D:6      | Found Noitras's Antique Armour Emporium.
  6025 | D:6      | You pick up a book of Debilitation and begin reading...
  6025 | D:6      | You add the spells Slow, Vampiric Draining and Confusing
                  | Touch to your library.
  6047 | D:6      | Reached skill level 3 in Shields
  6097 | D:6      | Noticed Prince Ribbit
  6103 | D:6      | Killed Prince Ribbit
  6104 | D:6      | Reached skill level 1 in Fighting
  6104 | D:6      | Reached skill level 4 in Conjurations
  6134 | D:6      | Offered knowledge of Magic Dart by Vehumet.
  6139 | D:6      | Reached ** piety under Vehumet
  6326 | D:6      | Reached XP level 9. HP: 47/47 MP: 22/22
  6328 | D:6      | Learned a level 1 spell: Magic Dart
  6441 | D:6      | Noticed a deep elf pyromancer
  6446 | D:6      | Killed a deep elf pyromancer
  6447 | D:6      | Reached skill level 2 in Fighting
  6447 | D:6      | Reached skill level 7 in Dodging
  6447 | D:6      | Reached skill level 8 in Spellcasting
  6605 | D:7      | Noticed atabob's ghost (novice DrCj)
  6665 | D:7      | Found a flagged portal.
  6733 | Bailey   | Entered a bailey
  6880 | Bailey   | Noticed an orc knight
  6893 | Bailey   | Killed an orc knight
  6894 | Bailey   | Reached skill level 3 in Fighting
  6894 | Bailey   | Reached skill level 4 in Shields
  6894 | Bailey   | Reached skill level 5 in Conjurations
  6979 | Bailey   | Found an iron altar of Okawaru.
  7089 | D:7      | Reached skill level 8 in Dodging
  7089 | D:7      | Reached skill level 9 in Spellcasting
  7124 | D:7      | Found a runed translucent gate.
  7124 | D:7      | Found a runed translucent gate.
  7124 | D:7      | Found a runed translucent gate.
  7471 | D:7      | Found a runed translucent door.
  7474 | D:7      | Noticed a sixfirhy
  7528 | D:7      | Reached skill level 6 in Conjurations
  7797 | D:7      | Offered knowledge of Searing Ray by Vehumet.
  7798 | D:7      | Reached XP level 10. HP: 56/56 MP: 25/25
  7801 | D:7      | Learned a level 2 spell: Searing Ray
  8201 | D:8      | Reached skill level 4 in Fighting
  8218 | D:8      | Reached *** piety under Vehumet
  8482 | D:8      | You add the spells Tukima's Dance, Passage of Golubria and
                  | Yara's Violent Unravelling to your library.
  8778 | D:8      | Identified a scroll of acquirement
  8778 | D:8      | Acquired a staff of fire
  8848 | D:8      | Identified the amulet "Zutu" {Rampage Regen+ Int-2 Slay+2}
  9031 | D:9      | Noticed Psyche
  9035 | D:9      | Killed Psyche
  9038 | D:9      | Reached skill level 9 in Dodging
  9038 | D:9      | Reached skill level 10 in Spellcasting
  9042 | D:9      | Offered knowledge of Stone Arrow by Vehumet.
  9213 | D:9      | Reached skill level 7 in Conjurations
  9272 | D:9      | Reached skill level 5 in Fighting
  9363 | D:9      | Reached **** piety under Vehumet
  9517 | D:9      | Learned a level 3 spell: Stone Arrow
  9681 | D:10     | Entered Level 10 of the Dungeon
  9779 | D:10     | Offered knowledge of Fulminant Prism by Vehumet.
  9927 | D:10     | Reached skill level 1 in Earth Magic
 10148 | D:10     | Reached XP level 11. HP: 63/63 MP: 27/27
 10197 | D:10     | Noticed a sea snake
 10405 | D:10     | Reached skill level 10 in Dodging
 10443 | D:10     | Reached skill level 11 in Spellcasting
 10443 | D:10     | Reached skill level 8 in Conjurations
 10443 | D:10     | Reached skill level 2 in Earth Magic
 10460 | D:10     | Found a staircase to the Lair.
 10682 | D:11     | Noticed a two-headed ogre
 10686 | D:11     | Killed a two-headed ogre
 10687 | D:11     | Reached skill level 6 in Stealth
 10687 | D:11     | Reached skill level 7 in Fire Magic
 10776 | D:11     | Found a staircase to the Orcish Mines.
 10791 | D:11     | Found Hastrit's Weapon Boutique.
 10847 | D:11     | Reached skill level 3 in Earth Magic
 10900 | D:11     | Found Laong's Armour Emporium.
 10924 | D:11     | Learned a level 4 spell: Fulminant Prism
 11344 | D:11     | Found Xunuoh's General Store.
 11352 | D:11     | Bought a scroll of identify for 28 gold pieces
 11367 | D:11     | Noticed a boulder beetle
 11377 | D:11     | Killed a boulder beetle
 11378 | D:11     | Reached skill level 7 in Stealth
 11490 | D:11     | Found Gouskin's Antique Armour Shop.
 11493 | D:11     | Bought a pair of gloves for 144 gold pieces
 11503 | D:11     | Noticed a seven-headed hydra
 11509 | D:11     | Killed a seven-headed hydra
 11510 | D:11     | Reached skill level 4 in Earth Magic
 11581 | D:11     | Found Singan's General Store.
 11584 | D:11     | Bought a scroll of magic mapping for 42 gold pieces
 11584 | D:11     | Bought a scroll of identify for 24 gold pieces
 11584 | D:11     | Bought a scroll of identify for 24 gold pieces
 11962 | D:11     | HP: 13/63 [yak (3)]
 11968 | D:11     | Reached skill level 8 in Fire Magic
 12250 | D:11     | Reached skill level 11 in Dodging
 12481 | D:12     | Noticed a boulder beetle
 12513 | D:12     | Killed a boulder beetle
 12514 | D:12     | Reached skill level 8 in Stealth
 12514 | D:12     | Reached skill level 5 in Earth Magic
 12667 | D:12     | Found a runed translucent gate.
 12668 | D:12     | Noticed frimble's ghost (journeyman GnWn)
 12668 | D:12     | Found a runed translucent gate.
 12669 | D:12     | Found a runed translucent gate.
 12673 | D:12     | Identified the +6 plate armour of the Sun {Will+ Regen+
                  | Int+4}
 12692 | D:12     | Killed frimble's ghost
 12693 | D:12     | Reached skill level 1 in Hexes
 12699 | D:12     | Reached ***** piety under Vehumet
 12699 | D:12     | Offered knowledge of Freezing Cloud by Vehumet.
 12741 | D:12     | Identified the +1 cloak of Card Tricks {Harm rPois Str-2}
 12850 | D:12     | Reached skill level 2 in Hexes
 12850 | D:12     | Reached XP level 12. HP: 58/68 MP: 29/29
 12924 | D:12     | You pick up a book of the Moon and begin reading...
 12924 | D:12     | You add the spells Silence and Lehudib's Crystal Spear to
                  | your library.
 12929 | D:12     | Learned a level 3 spell: Tukima's Dance
 13034 | D:12     | Reached skill level 6 in Earth Magic
 13118 | D:12     | Noticed a two-headed ogre
 13125 | D:12     | Killed a two-headed ogre
 13458 | Lair:1   | Entered Level 1 of the Lair of Beasts
 13770 | D:3      | Bought a scroll of enchant armour for 90 gold pieces
 13770 | D:3      | Bought a scroll of enchant armour for 90 gold pieces
 13770 | D:3      | Bought a scroll of teleportation for 36 gold pieces
 13770 | D:3      | Bought a scroll of enchant armour for 90 gold pieces
 13770 | D:3      | Bought a scroll of magic mapping for 42 gold pieces
 13986 | Lair:1   | Noticed Fannar
 13990 | Lair:1   | Killed Fannar
 13991 | Lair:1   | Reached skill level 9 in Conjurations
 14024 | Lair:1   | Noticed Erica
 14027 | Lair:1   | Killed Erica
 14028 | Lair:1   | Reached skill level 7 in Earth Magic
 15304 | Lair:2   | Found a transporter.
 15307 | Lair:2   | Noticed Pizistr Sogi's ghost (novice DsSu)
 15352 | Lair:2   | Found a transporter.
 15358 | Lair:2   | Identified the +7 long sword of the Grave {vorpal, rCorr
                  | Int+2}
 15385 | Lair:2   | Noticed a six-headed hydra
 15389 | Lair:2   | Killed a six-headed hydra
 15612 | Lair:2   | Found a staircase to the Swamp.
 15616 | Lair:2   | Reached skill level 12 in Dodging
 15657 | Lair:2   | Found a hole to the Spider Nest.
 15660 | Lair:2   | Reached skill level 6 in Fighting
 15719 | Lair:2   | Noticed a catoblepas
 15727 | Lair:2   | Killed a catoblepas
 15728 | Lair:2   | Reached skill level 8 in Earth Magic
 15732 | Lair:2   | Reached skill level 10 in Conjurations
 16390 | Lair:2   | Killed Pizistr Sogi's ghost
 16608 | Lair:3   | Found a dark tunnel.
 16614 | Volcano  | Entered a volcano
 16663 | Volcano  | Noticed a red draconian
 16673 | Volcano  | Killed a red draconian
 16706 | Volcano  | Noticed a centaur warrior
 16710 | Volcano  | Killed a centaur warrior
 17113 | Lair:3   | Reached XP level 13. HP: 75/75 MP: 30/30
 17242 | Lair:3   | Reached skill level 9 in Earth Magic
 18290 | Lair:4   | Reached skill level 10 in Earth Magic
 18302 | Lair:4   | Found a frozen archway.
 18303 | Lair:4   | Offered knowledge of Lee's Rapid Deconstruction by Vehumet.
 18308 | Lair:4   | Reached skill level 7 in Fighting
 18318 | Lair:4   | Reached skill level 11 in Conjurations
 18328 | IceCv    | Entered an ice cave
 18597 | IceCv    | Reached skill level 12 in Spellcasting
 18602 | IceCv    | Reached skill level 13 in Dodging
 19404 | IceCv    | Reached skill level 11 in Earth Magic
 19577 | IceCv    | Reached XP level 14. HP: 63/82 MP: 15/32
 19815 | IceCv    | Identified a +2 crystal plate armour of cold resistance
 19819 | IceCv    | Identified the +5 scale mail of Sif Muna's Approval {*Slow
                  | Will+ Str+4}
 19824 | IceCv    | You pick up a book of Ice and begin reading...
 19824 | IceCv    | You add the spells Freezing Cloud, Simulacrum and Polar
                  | Vortex to your library.
 19830 | IceCv    | Identified a potion of experience
 19831 | IceCv    | Reached skill level 12 in Conjurations
 19831 | IceCv    | Reached skill level 12 in Earth Magic
 19831 | IceCv    | Reached XP level 15. HP: 86/86 MP: 33/33
 19838 | IceCv    | Learned a level 5 spell: Lee's Rapid Deconstruction
 19847 | IceCv    | Learned a level 8 spell: Lehudib's Crystal Spear
 19881 | Lair:4   | Identified the +1 pair of boots of the Invisible Hand
                  | {rElec rF- rCorr Str+2}
 21299 | Lair:5   | Offered knowledge of Lightning Bolt by Vehumet.
 22166 | Lair:5   | Identified the +9 spear of Parocrol {holy, rC+ Int+3}
 22312 | Lair:6   | Entered Level 6 of the Lair of Beasts
 22384 | Lair:6   | Reached skill level 8 in Fighting
 22483 | Lair:6   | Reached skill level 13 in Spellcasting
 22624 | Lair:6   | Reached skill level 13 in Earth Magic
 23053 | Lair:6   | Reached skill level 3 in Hexes
 23109 | Lair:6   | Offered knowledge of Eringya's Noxious Bog by Vehumet.
 23121 | Lair:6   | Reached skill level 14 in Dodging
 23340 | Lair:6   | Reached skill level 13 in Conjurations
 23343 | Lair:6   | Reached skill level 4 in Hexes
 23592 | Lair:6   | Found a staircase to the Slime Pits.
 23595 | Lair:6   | Found a viscous altar of Jiyva.
 24811 | D:3      | Bought a potion of magic for 96 gold pieces
 24811 | D:3      | Bought a potion of mutation for 96 gold pieces
 24811 | D:3      | Bought a potion of brilliance for 48 gold pieces
 24811 | D:3      | Bought a potion of mutation for 96 gold pieces
 24811 | D:3      | Bought a potion of magic for 96 gold pieces
 24971 | D:7      | Reached XP level 16. HP: 94/94 MP: 32/35
 24973 | D:7      | Killed atabob's ghost
 25193 | Orc:1    | Entered Level 1 of the Orcish Mines
 26066 | Orc:1    | Found a burning altar of Makhleb.
 26083 | Orc:1    | Offered knowledge of Iron Shot by Vehumet.
 26084 | Orc:1    | Reached skill level 14 in Earth Magic
 26274 | Orc:2    | Entered Level 2 of the Orcish Mines
 26282 | Orc:2    | Found a staircase to the Elven Halls.
 26466 | Orc:2    | Reached skill level 5 in Hexes
 26676 | Orc:2    | Found Okkenlah's Book Emporium.
 26684 | Orc:2    | Bought a book of Spectacle for 384 gold pieces
 26684 | Orc:2    | You pick up a book of Spectacle and begin reading...
 26684 | Orc:2    | You add the spells Dazzling Flash, Iskenderun's Mystic
                  | Blast and Starburst to your library.
 26691 | Orc:2    | Learned a level 6 spell: Iron Shot
 26694 | Orc:2    | Upgraded the game from 0.28-a0-245-g639a1a48b9 to
                  | 0.28-a0-247-gb8bfbab023
 26694 | Orc:2    | magus.rc [v1.9.10]
 26990 | Orc:2    | Reached skill level 9 in Fire Magic
 27293 | Orc:2    | Found Saria's General Store.
 27298 | Orc:2    | Found Geonn's Armour Shoppe.
 27305 | Orc:2    | Found Jofereoc's Book Shoppe.
 27307 | Orc:2    | Found Giath's Antique Weapon Boutique.
 27483 | Orc:2    | Bought the Unrestrained Analects for 484 gold pieces
 27483 | Orc:2    | You add the spells Olgreb's Toxic Radiance, Ozocubu's
                  | Refrigeration and Ignition to your library.
 28176 | Orc:2    | Learned a level 8 spell: Ignition
 28544 | D:13     | Reached skill level 9 in Fighting
 28949 | D:13     | Found a gate to the Vaults.
 29466 | D:13     | Reached skill level 10 in Fire Magic
 29836 | D:14     | Found Nemiogug's Distillery.
 29896 | D:14     | Bought a potion of curing for 30 gold pieces
 29896 | D:14     | Bought a potion of heal wounds for 50 gold pieces
 29896 | D:14     | Bought a potion of heal wounds for 50 gold pieces
 29896 | D:14     | Bought a potion of curing for 30 gold pieces
 30310 | D:14     | You pick up a book of Air and begin reading...
 30310 | D:14     | You add the spells Shock, Swiftness and Airstrike to your
                  | library.
 30423 | D:14     | Reached ****** piety under Vehumet
 30424 | D:14     | Reached skill level 15 in Dodging
 30709 | D:15     | Entered Level 15 of the Dungeon
 30889 | D:15     | Reached skill level 14 in Spellcasting
 31008 | D:15     | Found a portal to a secret trove of treasure.
 31024 | D:15     | Offered knowledge of Spellforged Servitor by Vehumet.
 31082 | D:15     | Found a staircase to the Depths.
 31086 | D:15     | Reached skill level 11 in Fire Magic
 31204 | D:15     | This trove needs 2 scrolls of acquirement to function. Give
                  | it the items?
 31866 | D:15     | Identified the +2 scale mail of Mental Paralysis {Dex+4}
 31975 | D:15     | Reached XP level 17. HP: 101/101 MP: 37/37
 32289 | D:15     | Learned a level 4 spell: Olgreb's Toxic Radiance
 32540 | Spider:1 | Entered Level 1 of the Spider Nest
 32580 | Lair:2   | HP: 22/101 [demonic crawler (9)]
 33054 | Swamp:1  | Entered Level 1 of the Swamp
 33429 | Swamp:1  | Identified the +3 ring mail of Lamar {Harm rElec rF-
                  | Slay+2}
 33625 | Swamp:2  | Reached skill level 12 in Fire Magic
 33697 | Swamp:2  | Reached skill level 10 in Fighting
 34782 | Swamp:3  | HP: 17/102 [poison (poison gas)]
 34783 | Swamp:2  | HP: 1/102 [poison (poison gas)]
 35143 | Swamp:3  | Reached skill level 15 in Spellcasting
 35383 | Swamp:3  | You pick up a book of Unlife and begin reading...
 35383 | Swamp:3  | You add the spells Animate Dead, Borgnjor's Vile Clutch and
                  | Death Channel to your library.
 35472 | Swamp:3  | Offered knowledge of Conjure Ball Lightning by Vehumet.
 35635 | Swamp:3  | Reached skill level 13 in Fire Magic
 35949 | Swamp:4  | Entered Level 4 of the Swamp
 35953 | Swamp:4  | Reached skill level 16 in Dodging
 36588 | Swamp:4  | Identified the +0 broad axe of Starshine {venom, rF+}
 37196 | Swamp:4  | HP: 20/103 [eight-headed hydra (10)]
 37197 | Swamp:4  | HP: 9/103 [eight-headed hydra (7)]
 37197 | Swamp:4  | HP: 4/103 [eight-headed hydra (5)]
 37530 | Swamp:4  | Got a decaying rune of Zot
 37547 | Swamp:4  | Identified the +6 long sword of Doom {vorpal, Str+3}
 37582 | Swamp:4  | Reached skill level 14 in Fire Magic
 37582 | Swamp:4  | Reached XP level 18. HP: 108/108 MP: 39/39
 37589 | Swamp:4  | Noticed a tentacled monstrosity
 37594 | Swamp:4  | Killed a tentacled monstrosity
 37687 | Swamp:4  | You pick up a book of Geomancy and begin reading...
 37687 | Swamp:4  | You add the spells Sandblast and Passwall to your library.
 37837 | Swamp:4  | Offered knowledge of Fire Storm by Vehumet.
 37837 | Swamp:4  | Offered knowledge of Shatter by Vehumet.
 37837 | Swamp:4  | Offered knowledge of Chain Lightning by Vehumet.
 38095 | Lair:5   | Learned a level 9 spell: Fire Storm
 38322 | Vaults:1 | Entered Level 1 of the Vaults
 38427 | Vaults:1 | HP: 26/108 [harpy (10)]
 38435 | Vaults:1 | HP: 16/108 [ironbound frostheart/creeping frost (15)]
 38440 | Vaults:1 | HP: 7/108 [ironbound frostheart/creeping frost (19)]
 38913 | Vaults:1 | Reached skill level 11 in Fighting
 38954 | Vaults:1 | Reached skill level 16 in Spellcasting
 39902 | Vaults:1 | Reached skill level 15 in Fire Magic
 40164 | Vaults:1 | Reached skill level 17 in Dodging
 40425 | Vaults:2 | Reached skill level 1 in Poison Magic
 40579 | Vaults:2 | Noticed Xtahua
 40584 | Vaults:2 | Killed Xtahua
 40585 | Vaults:2 | Reached skill level 2 in Poison Magic
 40780 | Vaults:2 | Reached skill level 17 in Spellcasting
 40860 | Vaults:2 | Reached skill level 3 in Poison Magic
 40926 | Vaults:1 | Reached XP level 19. HP: 106/115 MP: 5/42
 41288 | Vaults:2 | You pick up a book of Conjurations and begin reading...
 42645 | Vaults:2 | Learned a level 3 spell: Ignite Poison
 42939 | Spider:1 | Noticed Asterion
 42940 | Spider:1 | Reached skill level 4 in Poison Magic
 43204 | Lair:2   | Killed Asterion
 43204 | Lair:2   | HP: 29/116 [poisoned by Asterion]
 43209 | Lair:2   | HP: 22/116 [poisoned by Asterion]
 43810 | Spider:1 | You pick up a book of Blood and begin reading...
 43810 | Spider:1 | You add the spells Sublimation of Blood, Wereblood and
                  | Summon Hydra to your library.
 43865 | Spider:1 | Reached skill level 14 in Conjurations
 44107 | Spider:1 | You fall into a shaft and drop 1 floor!
 44267 | Spider:2 | You pick up a book of Spatial Translocations and begin
                  | reading...
 44267 | Spider:2 | You add the spells Blink, Lesser Beckoning and Manifold
                  | Assault to your library.
 44271 | Spider:2 | Learned a level 2 spell: Blink
 44745 | Spider:2 | Noticed Aizul
 44752 | Spider:2 | Killed Aizul
 45103 | Spider:2 | Noticed Arachne
 45136 | Spider:2 | Killed Arachne
 45915 | Spider:1 | You pick up a book of the Hunter and begin reading...
 45915 | Spider:1 | You add the spells Portal Projectile and Leda's
                  | Liquefaction to your library.
 46193 | Spider:3 | Noticed Mara
 46291 | Spider:3 | Killed Mara
 46292 | Spider:3 | Reached skill level 12 in Fighting
 46426 | Spider:3 | You pick up a book of the Dragon and begin reading...
 46426 | Spider:3 | You add the spells Cause Fear, Dragon Form and Dragon's
                  | Call to your library.
 46714 | Spider:3 | Reached skill level 18 in Spellcasting
 47860 | Spider:4 | Entered Level 4 of the Spider Nest
 47864 | Spider:4 | Reached skill level 16 in Fire Magic
 48268 | Spider:4 | Noticed Donald
 48274 | Spider:4 | Killed Donald
 48275 | Spider:4 | Reached skill level 15 in Conjurations
 48508 | Spider:4 | Reached skill level 18 in Dodging
 48898 | Spider:4 | Reached XP level 20. HP: 122/122 MP: 16/44
 49245 | Spider:4 | Got a gossamer rune of Zot
 50162 | Vaults:3 | Noticed a curse skull
 50163 | Vaults:3 | Killed a curse skull
 50230 | Vaults:3 | Found a staircase to the Crypt.
 50248 | Vaults:3 | Found a large runed translucent door.
 50248 | Vaults:3 | Found a large runed translucent door.
 50248 | Vaults:3 | Noticed Lukheov's ghost (veteran DrWn)
 50248 | Vaults:3 | Noticed Yloucecuu's ghost (veteran SpEn)
 50266 | Vaults:3 | Found Sogityi's Magic Scroll Shoppe.
 50275 | Vaults:3 | Bought a scroll of magic mapping for 42 gold pieces
 50275 | Vaults:3 | Bought a scroll of amnesia for 42 gold pieces
 50333 | Vaults:3 | Found Deacs's Magic Scroll Shoppe.
 50469 | Vaults:3 | Bought a scroll of enchant armour for 142 gold pieces
 50469 | Vaults:3 | Bought a scroll of enchant armour for 142 gold pieces
 50829 | Vaults:3 | Reached skill level 17 in Fire Magic
 50831 | Vaults:3 | Reached skill level 16 in Conjurations
 50951 | Vaults:3 | Found Tuif's Antique Weapon Boutique.
 51878 | Vaults:4 | Noticed Sojobo
 51883 | Vaults:4 | Killed Sojobo
 52219 | Vaults:4 | HP: 20/124 [vault warden (16)]
 52226 | Vaults:4 | HP: 29/124 [vault guard/stone[a vault warden] (4)]
 52229 | Vaults:4 | HP: 13/124 [vault guard/stone[a vault warden] (13)]
 52260 | Vaults:4 | Noticed Margery
 52292 | Vaults:4 | HP: 24/124 [Margery/bolt of fire (8)]
 53259 | Vaults:4 | Reached XP level 21. HP: 61/128 MP: 20/45
 53785 | Vaults:4 | Noticed Jory
 53793 | Vaults:4 | Killed Jory
 53895 | Vaults:4 | Noticed Bai Suzhen
 53901 | Vaults:4 | Killed Bai Suzhen
 53902 | Vaults:4 | Reached skill level 17 in Conjurations
 53902 | Vaults:4 | Reached skill level 18 in Fire Magic
 54124 | Vaults:3 | Reached skill level 13 in Fighting
 54220 | Vaults:4 | Killed Margery
 54277 | Vaults:4 | a +1 glaive of flaming; +2 storm dragon scales {rare}
 54317 | Vaults:4 | a +1 glaive of flaming; +2 storm dragon scales {rare}
 54397 | Vaults:4 | Reached skill level 19 in Dodging
 54538 | Vaults:4 | You pick up a book of Winter and begin reading...
 54538 | Vaults:4 | You add the spells Ozocubu's Armour and Metabolic
                  | Englaciation to your library.
 54594 | Vaults:5 | Entered Level 5 of the Vaults
 54594 | Vaults:5 | Noticed Frederick
 54595 | Vaults:5 | Noticed an ancient lich
 54598 | Vaults:5 | Killed Frederick
 54606 | Vaults:5 | HP: 27/129 [sphinx/divine providence (15)]
 54607 | Vaults:5 | Killed an ancient lich
 54608 | Vaults:5 | Reached skill level 18 in Conjurations
 54608 | Vaults:5 | HP: 9/129 [vault sentinel/bolt (19)]
 55226 | Vaults:5 | Noticed a golden dragon
 55228 | Vaults:5 | Reached skill level 19 in Fire Magic
 55903 | Vaults:5 | Killed a golden dragon
 55904 | Vaults:5 | Reached XP level 22. HP: 130/136 MP: 46/46
 55907 | Vaults:5 | Noticed a golden dragon
 55909 | Vaults:5 | Identified the ring "Nafed" {Fire SInv}
 56112 | Vaults:4 | HP: 26/136 [iron troll (12)]
 56611 | Vaults:5 | Noticed an ancient lich
 56880 | Vaults:5 | Killed an ancient lich
 56881 | Vaults:5 | Reached skill level 19 in Conjurations
 57038 | Vaults:5 | Identified the +11 short sword of Dithmenos {vorpal, *Rage
                  | Str+4 Dex+2}
 57040 | Vaults:5 | Found Dyacrant's Antique Weapon Shoppe.
 57244 | Vaults:5 | Identified the +7 quick blade "Qulaapp Yhal" {vorpal,
                  | rElec}
 57259 | Vaults:5 | a - the +7 quick blade "Qulaapp Yhal" {vorpal, rElec, rare}
 57648 | Vaults:5 | Identified the +7 flail "Langops" {freeze, Dex+3}
 57681 | Vaults:5 | Killed a golden dragon
 57682 | Vaults:5 | Reached skill level 20 in Dodging
 57682 | Vaults:5 | Identified the +4 great sword of Onneuc Saps {vorpal,
                  | *Noise Str+7 SInv}
 57822 | Vaults:5 | Identified the +5 morningstar of Checkmate {vamp, *Corrode
                  | Int+7}
 58097 | Vaults:5 | Reached skill level 20 in Fire Magic
 58338 | Vaults:5 | a +0 chain mail; a +1 eveningstar of draining {rare}
 58413 | Vaults:5 | You pick up a book of the Earth and begin reading...
 58413 | Vaults:5 | You add the spells Bolt of Magma and Shatter to your
                  | library.
 58424 | Vaults:5 | You pick up a book of Dangerous Friends and begin
                  | reading...
 58424 | Vaults:5 | You add the spells Orb of Destruction and Spellforged
                  | Servitor to your library.
 58440 | Vaults:5 | Got a silver rune of Zot
 58451 | Vaults:5 | Noticed a golden dragon
 58455 | Vaults:5 | Killed a golden dragon
 58494 | Vaults:5 | +0 storm dragon scales {rare}; a +0 ring mail; a +0
                  | falchion
 58593 | Vaults:5 | Noticed Boris
 58597 | Vaults:5 | Killed Boris
 58598 | Vaults:5 | Reached skill level 14 in Fighting
 58675 | Vaults:5 | Found Poenn's Distillery.
 58681 | Vaults:5 | Bought a potion of magic for 176 gold pieces
 58681 | Vaults:5 | Bought a potion of resistance for 220 gold pieces
 58681 | Vaults:5 | Bought 2 potions of cancellation for 352 gold pieces
 58681 | Vaults:5 | Bought a potion of curing for 66 gold pieces
 58681 | Vaults:5 | Bought a potion of curing for 66 gold pieces
 58681 | Vaults:5 | Bought a potion of brilliance for 88 gold pieces
 58681 | Vaults:5 | Bought a potion of invisibility for 176 gold pieces
 58681 | Vaults:5 | Bought a potion of curing for 66 gold pieces
 59056 | Vaults:5 | magus.rc [v1.9.10]
 59112 | Vaults:4 | +2 storm dragon scales {rare}; a +1 glaive of flaming
 59311 | Elf:1    | Entered Level 1 of the Elven Halls
 59317 | Elf:1    | Learned a level 4 spell: Iskenderun's Mystic Blast
 60276 | Elf:2    | Found Pudeb's Jewellery Boutique.
 60335 | Elf:1    | Identified the +7 scale mail of Anarchy {rC+}
 60710 | Elf:2    | Found Daops's Distillery.
 60717 | Elf:2    | Bought 2 potions of heal wounds for 150 gold pieces
 60717 | Elf:2    | Bought a potion of curing for 45 gold pieces
 60717 | Elf:2    | Bought 2 potions of magic for 240 gold pieces
 60717 | Elf:2    | Bought 2 potions of curing for 90 gold pieces
 60846 | Elf:2    | You add the spells Freeze, Apportation, Summon Forest and
                  | Disjunction to your library.
 60846 | Elf:2    | Got the Papyrus of Congealing Translocation
 61007 | Elf:2    | Found a runed translucent gate.
 61007 | Elf:2    | Found a runed translucent gate.
 61007 | Elf:2    | Found a runed translucent gate.
 61149 | Elf:2    | Acquired 816 gold pieces
 61291 | Elf:2    | Reached XP level 23. HP: 91/142 MP: 14/47
 61486 | Elf:2    | Noticed Azrael
 61493 | Elf:2    | Killed Azrael
 62154 | Elf:3    | Entered Level 3 of the Elven Halls
 62159 | Elf:3    | Found Kofoxkutu's Assorted Antiques.
 62235 | Elf:3    | a deep elf zephyrmancer comes into view. It is wielding the
                  | +6 Majin-Bo {vamp, MP+6 Int+6}.
 62311 | Elf:3    | Aim: a deep elf zephyrmancer, wielding the +6 Majin-Bo
                  | {vamp, MP+6 Int+6} (heavily wounded, 69% to hit)
 62311 | Elf:3    | Aim: a deep elf zephyrmancer, wielding the +6 Majin-Bo
                  | {vamp, MP+6 Int+6} (heavily wounded, 69% to hit)
 62402 | Elf:3    | Bought a scroll of magic mapping for 108 gold pieces
 62528 | Elf:3    | Found Roidy's Distillery.
 62794 | Elf:3    | Bought a potion of heal wounds for 70 gold pieces
 62794 | Elf:3    | Bought a potion of curing for 42 gold pieces
 62794 | Elf:3    | Bought a potion of curing for 42 gold pieces
 62794 | Elf:3    | Bought a potion of curing for 42 gold pieces
 63072 | Elf:3    | Paralysed by an air elemental for 1 turns
 63517 | Elf:3    | Reached skill level 20 in Conjurations
 64001 | Elf:3    | Reached skill level 15 in Earth Magic
 64004 | Elf:3    | Reached skill level 21 in Fire Magic
 64317 | Elf:3    | Identified the +11 halberd of the Endless Expanse {venom,
                  | rC+}
 64450 | Elf:3    | Identified the +0 ring mail of Anaesthesia {rElec Str+3
                  | Dex+4 Slay-2}
 64484 | Elf:3    | You pick up a book of Burglary and begin reading...
 64490 | Elf:3    | You add the spells Irradiate, Eringya's Noxious Bog and
                  | Storm Form to your library.
 64490 | Elf:3    | Got the Grimoire of Displaced Changing
 64499 | Elf:3    | Identified the ring of Darraas {rF+ SInv}
 64619 | Elf:3    | Bought a scroll of enchant armour for 232 gold pieces
 64965 | D:15     | This trove needs 2 scrolls of acquirement to function. Give
                  | it the items?
 64973 | D:15     | This trove needs 2 scrolls of acquirement to function. Give
                  | it the items?
 64973 | D:15     | You paid a toll of 2 scrolls of acquirement to enter a
                  | treasure trove
 64974 | Trove    | Entered a treasure trove
 64994 | Trove    | Identified the amulet "Ystrade" {Regen+ Int+4}
 65017 | Trove    | You pick up a book of Chaos and begin reading...
 65017 | Trove    | You add the spells Conjure Ball Lightning and Discord to
                  | your library.
 65019 | Trove    | You add the spells Call Imp and Summon Ice Beast to your
                  | library.
 65019 | Trove    | Got Kowyvad's Catalogue of the Creative Mountains
 65021 | Trove    | You pick up a book of Maledictions and begin reading...
 65021 | Trove    | You add the spells Corona and Ensorcelled Hibernation to
                  | your library.
 65023 | Trove    | You pick up a book of Vapours and begin reading...
 65023 | Trove    | You add the spells Poisonous Vapours and Corpse Rot to your
                  | library.
 65209 | Depths:1 | Entered Level 1 of the Depths
 65209 | Depths:1 | Found a gateway to Hell.
 66532 | Depths:1 | Found a hide-covered altar of Uskayaw.
 66728 | Depths:1 | You pick up a book of Blasting and begin reading...
 66767 | Depths:1 | Found Axzauziof's Antique Weapon Boutique.
 66836 | Depths:1 | Found Ypha's Jewellery Shoppe.
 67101 | Depths:1 | magus.rc [v1.9.10]
 67284 | Depths:1 | Identified the +7 scimitar of the Orange Skies {vorpal, rF-
                  | Will+ Int+9 Dex+2}
 67458 | Depths:1 | Reached skill level 21 in Dodging
 67711 | Depths:1 | Found a runed translucent door.
 67711 | Depths:1 | Noticed Qetehoah's ghost (adept DDFi)
 67739 | Depths:1 | Found a radiant altar of Vehumet.
 67747 | Depths:1 | Killed Qetehoah's ghost
 67966 | Depths:1 | Identified the +6 hand crossbow "Ganiopnelul" {speed, rPois
                  | rF++ Will+ Stlth-}
 68020 | Depths:1 | Found Qyhal's Distillery.
 68024 | Depths:1 | Reached XP level 24. HP: 149/149 MP: 47/47
 68131 | Depths:1 | Found Wotuargh's Weapon Shop.
 68953 | Depths:2 | Reached skill level 9 in Stealth
 69292 | Depths:2 | Reached skill level 15 in Fighting
 69337 | Depths:2 | Identified the +8 fustibalus of Keinum {flame, Int+7}
 69468 | Depths:2 | Found a one-way gate to the infinite horrors of the Abyss.
 69681 | Depths:2 | Found Afetrih's Antique Weapon Shop.
 70050 | Depths:3 | Reached skill level 16 in Earth Magic
 70095 | Depths:3 | Found a gateway to a ziggurat.
 70138 | Depths:3 | Found a flickering gateway to a bazaar.
 70144 | Bazaar   | Entered a bazaar
 70169 | Bazaar   | Found Soita's Jewellery Emporium.
 70177 | Bazaar   | Found Janlabum's Assorted Antiques.
 70218 | Bazaar   | Found Kycitzof's Jewellery Shoppe.
 70226 | Bazaar   | Found Othroch's Distillery.
 70234 | Bazaar   | Bought a potion of heal wounds for 95 gold pieces
 70234 | Bazaar   | Bought a potion of brilliance for 76 gold pieces
 70234 | Bazaar   | Bought a potion of brilliance for 76 gold pieces
 70234 | Bazaar   | Bought a potion of heal wounds for 95 gold pieces
 70234 | Bazaar   | Bought a potion of mutation for 152 gold pieces
 70234 | Bazaar   | Bought a potion of heal wounds for 95 gold pieces
 70283 | Bazaar   | Bought a dazzling dagger for 161 gold pieces
 70283 | Bazaar   | Identified the +2 dagger "Danour" {holy, rN+ Will+} (You
                  | bought it in a shop in a bazaar)
 70432 | Depths:4 | Noticed a juggernaut
 70585 | Depths:3 | HP: 35/151 [stone giant/large rock (40)]
 70625 | Depths:3 | Reached skill level 19 in Spellcasting
 70894 | Depths:3 | Noticed a juggernaut
 71455 | Depths:3 | Found a shimmering altar of Xom.
 71456 | Depths:3 | Found a shimmering altar of Xom.
 71458 | Depths:3 | Found a shimmering altar of Xom.
 71458 | Depths:3 | Found a shimmering altar of Xom.
 71459 | Depths:3 | Found a shimmering altar of Xom.
 71459 | Depths:3 | Found a shimmering altar of Xom.
 71469 | Depths:3 | Found a shimmering altar of Xom.
 71636 | Depths:3 | Found a one-way gate leading to the halls of Pandemonium.
 71740 | Depths:3 | Killed a juggernaut
 71868 | Depths:3 | Reached skill level 10 in Stealth
 71889 | Depths:4 | HP: 35/151 [iron troll (11)]
 72201 | Depths:3 | Killed a juggernaut
 72845 | Depths:4 | Identified the +8 mace of Havoc {vorpal, Stlth+}
 72974 | Depths:4 | Reached skill level 22 in Dodging
 73166 | Depths:4 | Found a white marble altar of Elyvilon.
 73398 | Depths:4 | Reached XP level 25. HP: 156/156 MP: 48/48
 73725 | Depths:4 | Found Reaniogg's Magic Scroll Boutique.
 73730 | Depths:4 | Bought a scroll of acquirement for 884 gold pieces
 73730 | Depths:4 | Acquired 843 gold pieces
 73889 | Depths:5 | Entered Level 5 of the Depths
 73889 | Depths:5 | Noticed Louise
 73889 | Depths:5 | Noticed a juggernaut
 73896 | Depths:4 | Killed a juggernaut
 73897 | Depths:4 | Reached skill level 17 in Earth Magic
 73952 | Depths:4 | Killed Louise
 74011 | Depths:5 | Reached skill level 20 in Spellcasting
 74700 | Depths:5 | Reached skill level 16 in Fighting
 75253 | Depths:5 | Found a gate to the Realm of Zot.
 75553 | Depths:5 | Found a bloodstained altar of Trog.
 76069 | Depths:4 | Bought a scroll of amnesia for 59 gold pieces
 76069 | Depths:4 | Bought a scroll of enchant armour for 127 gold pieces
 76608 | Vaults:4 | +2 storm dragon scales {rare}; a +1 glaive of flaming
 77317 | Vaults:3 | Learned a level 7 spell: Spellforged Servitor
 77321 | Vaults:3 | Killed Lukheov's ghost
 77328 | Vaults:3 | Killed Yloucecuu's ghost
 77863 | Slime:1  | Entered Level 1 of the Pits of Slime
 77942 | Lair:6   | Upgraded the game from 0.28-a0-247-gb8bfbab023 to
                  | 0.28-a0-258-g8de209e91f
 77942 | Lair:6   | magus.rc [v1.9.10]
 78332 | Crypt:1  | Entered Level 1 of the Crypt
 78531 | Crypt:1  | Noticed Boris
 78534 | Crypt:1  | Killed Boris
 78638 | Crypt:1  | Noticed a dread lich
 78644 | Crypt:1  | Killed a dread lich
 79331 | Crypt:1  | Identified the +3 plate armour of Kleptomania {rElec Will+
                  | rCorr Dex+3}
 79420 | Crypt:1  | You pick up a book of Chaos and begin reading...
 79811 | Crypt:2  | Noticed Mennas
 79813 | Crypt:2  | Reached skill level 11 in Stealth
 79922 | Crypt:2  | HP: 39/158 [Mennas (10)]
 79931 | Crypt:2  | HP: 27/158 [Mennas (20)]
 79940 | Crypt:2  | HP: 38/158 [Mennas (7)]
 79947 | Crypt:2  | HP: 10/151 [eidolon/bolt of negative energy (30)]
 79949 | Crypt:2  | Slain by a polar bear skeleton

Vanquished Creatures
  A dread lich (Crypt:1)
  2 ancient liches (Vaults:5)
  Mara (Spider:3)
  3 juggernauts
  Sojobo (Vaults:4)
  Bai Suzhen (Vaults:4)
  Margery (Vaults:4)
  Boris (twice) (Vaults:5 Crypt:1)
  Frederick (Vaults:5)
  Xtahua (Vaults:2)
  Jory (Vaults:4)
  The ghost of Qetehoah the Tortoise, an adept DDFi of Makhleb (Depths:1)
  6 golden dragons
  A bone dragon (Depths:5)
  Arachne (Spider:2)
  5 liches
  3 tentacled monstrosities
  Asterion (Lair:2)
  3 titans (Vaults:5)
  3 deep elf blademasters
  The ghost of Yloucecuu the Ninja, a veteran SpEn of Dithmenos (Vaults:3)
  An acid blob (Slime:1)
  A quicksilver dragon (Vaults:5)
  2 deep elf master archers (Elf:3)
  An ancient champion (Crypt:2)
  7 sphinxes
  A thorn hunter (Swamp:3)
  7 tengu reavers
  Donald (Spider:4)
  5 shadow dragons
  2 revenants (Crypt:1)
  3 storm dragons
  7 frost giants
  A draconian scorcher (Depths:5)
  2 fenstrider witches
  10 fire giants
  5 ghost moths
  6 deep elf sorcerers
  Aizul (Spider:2)
  3 iron dragons
  Louise (Depths:4)
  15 vault wardens
  5 emperor scorpions (Spider:4)
  An orc warlord (Orc:1)
  3 deep elf elementalists (Elf:3)
  A draconian annihilator (Depths:5)
  A ghoul (Crypt:1)
  A curse skull (Vaults:3)
  A draconian shifter (Depths:5)
  7 stone giants
  2 war gargoyles
  21 ironbound preservers
  A caustic shrike skeleton (Depths:1)
  A quicksilver ooze (Slime:1)
  28 very ugly things
  2 green draconians (Depths:5)
  6 vampire knights
  7 deep elf demonologists (Elf:3)
  Azrael (Elf:2)
  5 bunyips
  7 deep elf annihilators
  4 entropy weavers
  2 purple draconians (Depths:5)
  A dire elephant (Vaults:3)
  3 spark wasps
  3 red draconians
  An eidolon (Crypt:1)
  2 green deaths (Swamp:4)
  5 deep elf death magi
  4 eleionomae
  12 ettins
  4 fire dragons
  22 yaktaur captains
  6 ice dragons
  8 deep elf high priests
  2 shambling mangroves
  10 great orbs of eyes
  2 jiangshi (Depths:3)
  5 ironbound thunderhulks
  20 hydras
  8 boulder beetles
  39 vault guards
  The ghost of frimble the Quickloader, a journeyman GnWn of Cheibriados (D:12)
  2 ghost crabs (Swamp:3)
  4 spriggan air magi
  3 rakshasas
  3 ogre magi (Vaults:5)
  Erica (Lair:1)
  Fannar (Lair:1)
  10 centaur warriors
  A catoblepas (Lair:2)
  3 two-headed ogres
  3 death knights
  An alligator (shapeshifter) (Vaults:5)
  15 ironbound frosthearts
  14 death yaks
  6 alligators
  A shock serpent (shapeshifter) (Vaults:5)
  6 tengu warriors
  5 vampire magi
  The ghost of Pizistr Sogi the Summoner, a novice DsSu of Sif Muna (Lair:2)
  9 deep troll shamans
  6 spriggan berserkers
  11 deep troll earth magi
  2 ironbound beastmasters (Vaults:3)
  3 orc high priests (Orc:2)
  15 deep elf knights
  A soul eater (Crypt:1)
  15 hell knights
  11 iron trolls
  22 skeletal warriors
  69 deep trolls
  6 goliath frogs
  A bunyip zombie (Crypt:1)
  A sixfirhy (D:7)
  A glowing orange brain (Depths:5)
  An infernal demonspawn (Depths:3)
  10 swamp dragons
  4 flayed ghosts
  9 deep elf archers
  A gelid demonspawn (Depths:3)
  A lindwurm (Vaults:3)
  3 orange crystal statues
  15 phantasmal warriors
  13 ironbound convokers
  The ghost of atabob the Destroyer, a novice DrCj of Vehumet (D:7)
  27 deep elf pyromancers
  9 orc knights
  9 wizards
  8 bog bodies
  17 deep elf zephyrmancers
  55 ugly things
  8 harpies (Vaults:1)
  7 necromancers
  8 cyclopes
  32 wolf spiders
  4 manticores
  15 orb spiders
  7 orc sorcerers
  2 will-o-the-wisps (Swamp:4)
  A salamander (shapeshifter) (Vaults:3)
  3 large abominations (Swamp:4)
  A moth of wrath (Spider:1)
  3 elf zombies
  A guardian serpent (Lair:6)
  16 elephants
  2 frost giant skeletons
  An ice statue (IceCv)
  15 black mambas
  A black mamba (shapeshifter) (Elf:1)
  20 vault sentinels
  A smoke demon (Depths:3)
  4 unseen horrors
  15 cane toads
  A hellion (Depths:3)
  12 gargoyles
  2 orange demons (Swamp:4)
  A yaktaur (shapeshifter) (Vaults:2)
  An alligator snapping turtle zombie (Crypt:2)
  Psyche (D:9)
  26 yaktaurs
  15 demonic crawlers
  9 rime drakes
  2 efreet
  3 freezing wraiths
  A yellow draconian skeleton (Crypt:1)
  10 komodo dragons
  2 bloated husks
  4 trolls
  3 meliai (D:13)
  37 jumping spiders
  A meliai (shapeshifter) (Vaults:5)
  20 polar bears
  27 hornets
  8 tyrant leeches
  An ettin zombie (Vaults:1)
  A spriggan zombie (D:15)
  Prince Ribbit (D:6)
  23 blink frogs
  55 slime creatures
  A frost giant simulacrum (Depths:1)
  A deep troll skeleton (Depths:1)
  An ice dragon zombie (D:15)
  12 dream sheep (Lair:6)
  2 deep troll zombies
  3 snapping turtles (shapeshifter)
  A meliai zombie (D:11)
  3 shadows (Swamp:4)
  28 dancing weapons
  14 spriggans
  A fire dragon skeleton (Depths:1)
  A redback (shapeshifter) (Depths:4)
  31 tarantellas
  8 water elementals
  8 air elementals
  2 basilisks
  53 redbacks
  12 wyverns
  45 yaks
  Sigmund (D:3)
  8 wraiths
  7 fire elementals
  A neqoxec (Depths:3)
  8 vampire mosquitoes
  A steam dragon (Lair:6)
  5 acid dragons
  14 swamp worms
  2 wargs
  2 two-headed ogre skeletons (Crypt:1)
  A torturous demonspawn skeleton (Crypt:1)
  22 water moccasins
  3 hell hounds (Elf:2)
  3 human skeletons (Vaults:3)
  A swamp drake (Swamp:2)
  3 black bears
  A fire dragon simulacrum (Depths:1)
  5 ice beasts (D:7)
  33 orc warriors
  6 ogres
  2 necrophages (D:7)
  10 centaurs
  3 boggarts (Vaults:1)
  24 wolves
  2 phantoms
  3 kobold brigands
  12 bullfrogs
  2 gnoll sergeants
  2 scorpions
  6 earth elementals
  3 killer bees (D:9)
  7 howler monkeys
  18 wights
  6 electric eels
  A vampire bat (D:5)
  3 centaur zombies
  A bullfrog zombie (D:5)
  A wyvern simulacrum (D:7)
  5 jellies
  A hound (D:5)
  13 orc priests
  A bullfrog skeleton (D:5)
  Jessica (D:3)
  3 iguanas
  28 orc wizards
  Ijyb (D:3)
  A bullfrog simulacrum (D:7)
  A felid skeleton (Crypt:1)
  2 howler monkey zombies
  24 gnolls
  9 adders
  A howler monkey skeleton (D:7)
  3 white imps (D:7)
  A howler monkey simulacrum (D:7)
  An ufetubus (D:5)
  A lava snake zombie (Crypt:1)
  3 worms
  2 dart slugs (D:1)
  3 fire bats (D:5)
  58 orcs
  2 spectral bats (D:5)
  3 bat skeletons (D:5)
  A bat zombie (D:5)
  4 endoplasms
  5 giant cockroaches
  13 goblins
  10 hobgoblins
  31 kobolds
  6 quokkas
  9 ball pythons
  12 bats
  A bat simulacrum (D:5)
  3 frilled lizards
  A rat (shapeshifter) (Vaults:5)
  6 rats
  3 briar patches (Swamp:3)
  3 fire vortices
1993 creatures vanquished.

Vanquished Creatures (collateral kills)
  The ghost of Lukheov the Peltast, a veteran DrWn of Okawaru (Vaults:3)
  A vault warden (Vaults:5)
  An ironbound thunderhulk (Vaults:1)
  A hell knight (Vaults:4)
  A skeletal warrior (Crypt:1)
  An orc warrior (Orc:2)
  17 foxfires
23 creatures vanquished.

Vanquished Creatures (others)
  A bunyip (Swamp:3)
  An ettin (Depths:2)
  An alligator (Swamp:3)
  A glowing orange brain (Depths:3)
  2 dancing weapons
  A kobold (D:9)
  29 fire vortices
  1082 foxfires
  4 fulminant prisms
  33 fungi
  142 plants
  7 withered plants (D:15)
1304 creatures vanquished.

Grand Total: 3320 creatures vanquished

Table legend:
 A = Non-vault XP
 B = Vault XP
 C = Vault XP percentage of total XP
 D = Non-vault monster count
 E = Vault monster count
 F = Vault count percentage of total count
                 A         B        C        D         E       F
            +---------+---------+-------+---------+---------+-------
      Total |  645186 |  595383 |  48.0 |    1263 |     730 |  36.6
            +---------+---------+-------+---------+---------+-------
        D:1 |      26 |       8 |  23.5 |      14 |       4 |  22.2
        D:2 |      72 |       8 |  10.0 |      22 |       4 |  15.4
        D:3 |     149 |     275 |  64.9 |      25 |       3 |  10.7
        D:4 |     498 |      36 |   6.7 |      16 |       6 |  27.3
        D:5 |     821 |     170 |  17.2 |      23 |      20 |  46.5
        D:6 |     473 |     893 |  65.4 |      11 |       2 |  15.4
        D:7 |    1235 |    2001 |  61.8 |      19 |      16 |  45.7
        D:8 |    1154 |       0 |   0.0 |      29 |       0 |   0.0
        D:9 |    2444 |     371 |  13.2 |      32 |       1 |   3.0
       D:10 |    2307 |     322 |  12.2 |      15 |       1 |   6.2
       D:11 |    7189 |       0 |   0.0 |      38 |       0 |   0.0
       D:12 |    3974 |    2018 |  33.7 |      15 |      14 |  48.3
       D:13 |    6651 |    9548 |  58.9 |      18 |      16 |  47.1
       D:14 |    7907 |    4805 |  37.8 |      16 |       9 |  36.0
       D:15 |   21346 |    6700 |  23.9 |      38 |      11 |  22.4
     Lair:1 |    2450 |    2242 |  47.8 |      12 |       3 |  20.0
     Lair:2 |    4964 |    4689 |  48.6 |      15 |       6 |  28.6
     Lair:3 |    9327 |       0 |   0.0 |      28 |       0 |   0.0
     Lair:4 |    9006 |    3998 |  30.7 |      25 |      11 |  30.6
     Lair:5 |    4238 |       0 |   0.0 |      14 |       0 |   0.0
     Lair:6 |   19771 |   14347 |  42.1 |      49 |      48 |  49.5
    Swamp:1 |    6412 |       0 |   0.0 |      15 |       0 |   0.0
    Swamp:2 |   16332 |       0 |   0.0 |      29 |       0 |   0.0
    Swamp:3 |   17048 |       0 |   0.0 |      29 |       0 |   0.0
    Swamp:4 |   18097 |   21936 |  54.8 |      31 |      30 |  49.2
   Spider:1 |   12373 |       0 |   0.0 |      35 |       0 |   0.0
   Spider:2 |   17611 |    5927 |  25.2 |      48 |       6 |  11.1
   Spider:3 |   12720 |    7524 |  37.2 |      33 |       1 |   2.9
   Spider:4 |   17427 |   25657 |  59.6 |      44 |      38 |  46.3
    Slime:1 |    4840 |       0 |   0.0 |       5 |       0 |   0.0
      Orc:1 |    4463 |       0 |   0.0 |      23 |       0 |   0.0
      Orc:2 |    1691 |    7936 |  82.4 |      22 |      25 |  53.2
      Elf:1 |    6498 |    9340 |  59.0 |      13 |      18 |  58.1
      Elf:2 |    8678 |   28101 |  76.4 |      16 |      37 |  69.8
      Elf:3 |   24845 |   42018 |  62.8 |      38 |      29 |  43.3
   Vaults:1 |   21678 |   20219 |  48.3 |      32 |      30 |  48.4
   Vaults:2 |   13243 |   33601 |  71.7 |      25 |      42 |  62.7
   Vaults:3 |   20601 |   36923 |  64.2 |      26 |      41 |  61.2
   Vaults:4 |   32559 |   67372 |  67.4 |      42 |      45 |  51.7
   Vaults:5 |   35306 |  139432 |  79.8 |      40 |      91 |  69.5
    Crypt:1 |   47320 |       0 |   0.0 |      47 |       0 |   0.0
    Crypt:2 |    3510 |       0 |   0.0 |       4 |       0 |   0.0
   Depths:1 |   42706 |    6334 |  12.9 |      55 |       5 |   8.3
   Depths:2 |   34574 |   12588 |  26.7 |      37 |       8 |  17.8
   Depths:3 |   47668 |   23166 |  32.7 |      41 |      13 |  24.1
   Depths:4 |   46062 |    8493 |  15.6 |      37 |       6 |  14.0
   Depths:5 |   24922 |   28493 |  53.3 |      22 |      17 |  43.6
     Bailey |       0 |     912 | 100.0 |       0 |      16 | 100.0
      IceCv |       0 |   14609 | 100.0 |       0 |      52 | 100.0
    Volcano |       0 |    2371 | 100.0 |       0 |       5 | 100.0
            +---------+---------+-------+---------+---------+-------

Illustrated notes

Table legend:
 A = Kills in this place as a percentage of kills in entire the game.
 B = Kills by you in this place as a percentage of kills by you in the entire game.
 C = Kills by friends in this place as a percentage of kills by friends in the entire game.
 D = Other kills in this place as a percentage of other kills in the entire game.
 E = Experience gained in this place as a percentage of experience gained in the entire game.
 F = Experience gained in this place divided by the number of levels of this place that you have seen.
                   A       B       C       D       E      F
               +-------+-------+-------+-------+-------+----------------------
         Total | 100.0 | 100.0 | 100.0 | 100.0 | 100.0 | 23407.0
       Dungeon |  22.0 |  22.1 |   0.0 |   0.0 |   6.7 | 5560.1
          Lair |  10.6 |  10.6 |   0.0 |   0.0 |   6.0 | 12505.3
         Swamp |   6.7 |   6.7 |   0.0 |  66.7 |   6.4 | 19956.2
   Spider Nest |  10.3 |  10.3 |   0.0 |   0.0 |   8.0 | 24809.8
    Slime Pits |   0.3 |   0.3 |   0.0 |   0.0 |   0.4 | 4840.0
  Orcish Mines |   3.5 |   3.5 |  16.7 |   0.0 |   1.1 | 7045.0
   Elven Halls |   7.6 |   7.6 |   0.0 |   0.0 |   9.6 | 39826.7
        Vaults |  20.8 |  20.7 |  66.7 |   0.0 |  33.9 | 84186.8
         Crypt |   2.6 |   2.5 |  16.7 |   0.0 |   4.1 | 25415.0
        Depths |  12.1 |  12.1 |   0.0 |  33.3 |  22.2 | 55001.2
        Bailey |   0.8 |   0.8 |   0.0 |   0.0 |   0.1 | 912.0
      Ice Cave |   2.6 |   2.6 |   0.0 |   0.0 |   1.2 | 14609.0
       Volcano |   0.3 |   0.3 |   0.0 |   0.0 |   0.2 | 2371.0
               +-------+-------+-------+-------+-------+----------------------

Table legend: (Time is in decaauts)
 A = Elapsed time spent in this place.
 B = Non-inter-level travel time spent in this place.
 C = Inter-level travel time spent in this place.
 D = Time resting spent in this place.
 E = Time spent auto-exploring this place.
 F = Levels seen in this place.
 G = Mean time per level.
                   A        B        C        D        E       F      G
               +--------+--------+--------+--------+--------+-----+--------+
         Total |  80256 |  72961 |   7295 |  18066 |  45338 |  53 | 1514.3 |
       Dungeon |  22009 |  18635 |   3374 |   2901 |  13006 |  15 | 1467.3 |
        Temple |     71 |     52 |     19 |      0 |      0 |   1 |   71.0 |
          Lair |  10675 |   9458 |   1217 |   1672 |   6826 |   6 | 1779.2 |
         Swamp |   5164 |   5031 |    133 |   1736 |   2802 |   4 | 1291.0 |
   Spider Nest |   6189 |   5843 |    346 |    941 |   4229 |   4 | 1547.2 |
    Slime Pits |     52 |     52 |      0 |     11 |     18 |   1 |   52.0 |
  Orcish Mines |   1897 |   1684 |    213 |    175 |   1092 |   2 |  948.5 |
   Elven Halls |   5492 |   5052 |    440 |   1679 |   2470 |   3 | 1830.7 |
        Vaults |  14729 |  13636 |   1093 |   4980 |   7202 |   5 | 2945.8 |
         Crypt |   1611 |   1488 |    123 |    524 |    715 |   2 |  805.5 |
        Depths |   9746 |   9414 |    332 |   2707 |   5730 |   5 | 1949.2 |
        Bazaar |    157 |    157 |      0 |      0 |     98 |   1 |  157.0 |
         Trove |    145 |    145 |      0 |      0 |     88 |   1 |  145.0 |
        Bailey |    299 |    299 |      0 |    126 |     61 |   1 |  299.0 |
      Ice Cave |   1555 |   1555 |      0 |    367 |    898 |   1 | 1555.0 |
       Volcano |    455 |    455 |      0 |    247 |    100 |   1 |  455.0 |
               +--------+--------+--------+--------+--------+-----+--------+

Top non-repeatable levels by time:
Vaults:4: 5433 daAuts
    D:15: 3013 daAuts
    D:11: 2727 daAuts
  Lair:2: 2688 daAuts
Vaults:1: 2635 daAuts
Vaults:3: 2353 daAuts
Depths:3: 2349 daAuts
   Elf:2: 2344 daAuts
Vaults:2: 2250 daAuts
Spider:3: 2157 daAuts
Depths:1: 2148 daAuts
  Lair:6: 2102 daAuts
Vaults:5: 2056 daAuts
Depths:5: 1991 daAuts
Spider:2: 1946 daAuts
